Map: Acid Plant LE

Players

Snute - Winner!

  • Race: Zerg Zerg
  • Spawn Location: 5:00

Harstem

  • Race: Protoss Protoss
  • Spawn Location: 11:00

Event: WCS Montreal 2018

VOD

Have the link to the VOD?

Description

Time

  • Played on: Sept. 7, 2018, 5:19 p.m.
  • Length: 11:21

All games in this series

Show
View Real Time Build Order
Export as new Build Order

Snute Zerg - Winner!

Build Orders: Hatch First, Lurkers 

Get SALT Encoding   

  12  0:00  Drone  
  13  0:12  Overlord  
  13  0:16  Drone  
  14  0:30  Drone x2  
  14  0:33  Drone  
  17  0:50  Hatchery  
  17  0:53  Drone  
  17  0:57  Drone  
  18  1:00  Extractor  
  17  1:12  Spawning Pool  
  17  1:15  Drone  
  18  1:18  Drone  
  18  1:27  Drone  
  19  1:38  Overlord  
  19  1:48  Drone  
  20  1:58  Queen  
  20  1:59  Zergling x2, Metabolic Boost  
  23  2:02  Queen  
  23  2:05  Zergling x2  
  26  2:11  Drone  
  26  2:13  Drone  
  28  2:21  Drone  
  29  2:24  Drone  
  30  2:32  Drone  
  30  2:35  Drone  
  32  2:38  Hatchery  
  31  2:45  Drone  
  31  2:46  Overlord  
  32  2:53  Drone  
  32  2:55  Queen  
  35  2:59  Drone  
  36  3:05  Drone  
  36  3:07  Drone x3  
  36  3:09  Drone  
  41  3:15  Overlord  
  41  3:17  Drone  
  42  3:24  Queen  
  42  3:26  Overlord  
  44  3:28  Overlord  
  44  3:36  Lair  
  44  3:37  Drone  
  44  3:39  Drone  
  46  3:44  Drone x2  
  46  3:46  Drone x4  
  52  3:50  Drone  
  52  3:51  Drone  
  52  3:52  Drone  
  55  3:56  Spore Crawler  
  55  3:57  Spore Crawler  
  55  3:59  Spore Crawler  
  55  4:02  Drone x2  
  54  4:06  Drone  
  54  4:07  Extractor  
  54  4:08  Extractor  
  53  4:12  Drone x3  
  53  4:14  Overlord  
  53  4:16  Overlord  
  56  4:19  Extractor, Drone  
  56  4:23  Overlord  
  56  4:24  Drone x2  
  56  4:26  Drone  
  56  4:29  Drone x2  
  61  4:32  Overlord  
  61  4:35  Hydralisk Den  
  61  4:36  Drone  
  61  4:43  Drone  
  61  4:45  Zergling x6, Evolution Chamber  
  64  4:48  Drone x2  
  64  4:49  Drone  
  64  4:50  Drone  
  67  4:53  Drone  
  67  4:54  Drone  
  67  4:55  Drone  
  67  4:58  Overlord  
  70  5:04  Grooved Spines  
  70  5:05  Zergling x6  
  70  5:07  Zergling x2  
  74  5:11  Extractor, Zerg Missile Weapons Level 1  
  73  5:17  Drone  
  73  5:18  Drone x5  
  73  5:19  Drone  
  80  5:25  Spore Crawler, Overlord  
  79  5:29  Zergling x10  
  81  5:43  Drone x3, Spore Crawler  
  81  5:44  Drone  
  81  5:45  Hatchery  
  81  5:48  Drone x4  
  87  5:51  Spore Crawler  
  87  5:52  Drone  
  83  5:58  Drone x4  
  83  6:00  Overlord  
  85  6:06  Overlord  
  85  6:07  Overlord  
  85  6:08  Overlord  
  78  6:12  Overlord  
  78  6:13  Drone x2  
  78  6:14  Drone  
  78  6:15  Drone  
  81  6:19  Muscular Augments  
  81  6:21  Drone  
  81  6:23  Drone  
  82  6:33  Hydralisk x4  
  90  6:40  Hydralisk x4  
  90  6:44  Lurker Den  
  90  6:46  Hydralisk  
  90  6:47  Hydralisk x2  
  97  6:52  Hydralisk x2  
  97  6:53  Hydralisk  
  109  6:57  Extractor, Drone  
  109  6:58  Drone x3  
  109  7:00  Hydralisk  
  114  7:02  Drone x2  
  114  7:08  Hydralisk x3  
  114  7:12  Zerg Missile Weapons Level 2  
  120  7:16  Overseer  
  120  7:19  Overlord x3  
  120  7:22  Extractor  
  119  7:23  Overlord  
  119  7:27  Overlord  
  119  7:37  Hydralisk x6  
  119  7:42  Hydralisk x2  
  135  7:47  Hydralisk x3  
  141  7:56  Overlord  
  141  7:57  Hydralisk  
  141  7:58  Hydralisk x2  
  147  8:10  Lurker x2  
  147  8:11  Lurker x2, Overlord  
  151  8:16  Zergling x2  
  151  8:17  Zergling x22  
  163  8:22  Zergling x2  
  163  8:23  Zergling x8  
  168  8:35  Lurker x5  
  173  8:45  Hydralisk  
  175  8:49  Overlord  
  175  8:50  Overlord  
  175  8:54  Spore Crawler  
  174  9:00  Lurker x3  
  175  9:05  Overlord x2  
  174  9:19  Lurker x5  
  175  9:27  Zergling x34  
  183  9:38  Hydralisk  
  183  9:39  Hydralisk x3  
  185  9:51  Hydralisk x7  
  185  9:57  Hydralisk  
  174  10:05  Hydralisk x3  
  154  10:10  Hydralisk  
  154  10:11  Hydralisk x2  
  153  10:15  Hydralisk  
  153  10:20  Zergling x4  
  141  10:23  Zergling x8  
  128  10:29  Queen x2  
  128  10:32  Hydralisk  
  128  10:33  Hydralisk x2  
  126  10:41  Hydralisk x2  
  130  10:44  Zergling x6  
  130  10:45  Zergling x4  
  130  10:49  Zergling x2  
  132  11:00  Zergling x2  
  132  11:01  Zergling x6  
Show
View Real Time Build Order
Export as new Build Order

Harstem Protoss 

Build Orders: 1 Gate Expand, Oracle Opening, Phoenix Opening, Archon Immortal, Zealot Archon 

Get SALT Encoding   

  12  0:00  Probe  
  13  0:13  Probe  
  14  0:17  Pylon  
  14  0:24  Probe  
  15  0:29  Assimilator  
  15  0:32  Probe  
  15  0:41  Probe  
  16  0:47  Gateway  
  17  0:51  Probe  
  18  1:03  Probe  
  19  1:15  Probe  
  20  1:24  Nexus  
  20  1:34  Cybernetics Core  
  20  1:36  Probe  
  21  1:42  Assimilator  
  21  1:48  Probe  
  21  1:52  Pylon  
  22  2:00  Probe  
  23  2:01  Adept  
  23  2:12  Probe  
  23  2:13  Stargate  
  26  2:20  Warp Gate, Probe  
  26  2:27  Adept  
  26  2:28  Probe  
  29  2:36  Probe  
  31  2:40  Probe  
  32  2:48  Probe  
  33  2:52  Probe  
  33  2:53  Phoenix  
  34  3:00  Probe  
  34  3:01  Gateway  
  34  3:04  Probe  
  38  3:06  Oracle  
  38  3:12  Probe  
  38  3:16  Probe  
  43  3:22  Pylon  
  43  3:25  Probe  
  44  3:29  Probe, Assimilator  
  45  3:37  Probe  
  45  3:40  Stargate  
  45  3:41  Probe  
  47  3:44  Assimilator  
  47  3:47  Pylon  
  47  3:49  Probe  
  47  3:50  Phoenix  
  47  3:53  Probe  
  49  3:56  Pylon  
  49  4:01  Pylon  
  49  4:02  Probe  
  52  4:05  Probe  
  53  4:14  Probe  
  53  4:15  Phoenix  
  54  4:17  Probe  
  54  4:18  Phoenix  
  59  4:26  Probe  
  60  4:31  Adept  
  60  4:32  Adept  
  60  4:37  Phoenix  
  60  4:38  Phoenix  
  68  4:54  Nexus  
  68  4:55  Probe  
  68  4:58  Probe  
  70  5:01  Pylon  
  70  5:08  Probe  
  70  5:09  Forge  
  70  5:13  Twilight Council  
  71  5:14  Probe  
  71  5:15  Pylon  
  71  5:20  Probe, Sentry  
  71  5:21  Zealot  
  77  5:26  Probe  
  78  5:36  Probe  
  78  5:38  Probe  
  80  5:43  Gateway  
  80  5:45  Robotics Facility, Gateway  
  80  5:48  Protoss Ground Weapons Level 1, Probe  
  81  5:50  Probe  
  82  6:00  Charge, Probe  
  82  6:03  Probe, Zealot x2  
  88  6:12  Probe  
  88  6:15  Probe  
  90  6:19  Gateway  
  90  6:21  Templar Archives  
  90  6:23  Pylon, Probe  
  90  6:24  Probe  
  92  6:27  Pylon, Probe  
  92  6:31  Pylon  
  93  6:36  Warp Prism, Probe  
  96  6:45  Assimilator  
  97  6:48  Pylon, Assimilator  
  97  6:52  Probe  
  99  6:55  Gateway  
  99  6:56  Probe  
  99  6:57  Gateway  
  99  6:58  High Templar x2  
  99  6:59  High Templar x2  
  99  7:00  Probe  
  109  7:03  Archon x2  
  109  7:05  Probe  
  109  7:08  Observer  
  106  7:09  Photon Cannon  
  106  7:11  Shield Battery, Probe  
  106  7:13  Gateway  
  106  7:15  Gateway  
  108  7:16  Gateway  
  108  7:17  Zealot  
  108  7:18  Pylon  
  108  7:21  Warp Prism  
  110  7:24  Pylon  
  110  7:26  Psionic Storm  
  110  7:29  Protoss Ground Weapons Level 2  
  110  7:30  High Templar x2  
  110  7:31  Zealot x2  
  110  7:40  High Templar x3  
  110  7:43  Zealot  
  110  7:44  Zealot  
  120  7:58  Immortal  
  120  8:00  Nexus  
  120  8:03  High Templar  
  120  8:05  High Templar  
  124  8:06  Probe  
  124  8:07  Pylon  
  124  8:09  Probe  
  124  8:11  Pylon  
  130  8:15  Assimilator  
  130  8:17  Probe  
  130  8:18  Probe  
  130  8:19  Assimilator  
  132  8:21  Pylon  
  132  8:22  Pylon  
  132  8:26  Immortal  
  130  8:32  Probe  
  131  8:35  Probe  
  131  8:36  Photon Cannon  
  131  8:37  High Templar x2, Pylon, Shield Battery  
  131  8:38  Shield Battery  
  140  8:48  Archon  
  140  8:50  Probe x2  
  140  8:53  Photon Cannon  
  140  8:54  Probe  
  140  8:55  High Templar x2, Zealot x2  
  147  8:57  Photon Cannon  
  147  8:59  Archon  
  147  9:00  Immortal  
  145  9:13  Robotics Facility  
  145  9:18  Zealot x2  
  145  9:19  Zealot x3  
  153  9:27  Zealot x4  
  161  9:38  Zealot x2  
  161  9:39  Zealot x2  
  161  9:40  Immortal  
  167  9:49  Zealot x5  
  141  10:11  Zealot x9  
  141  10:12  Zealot  
  153  10:18  Observer  
  124  10:32  Zealot x7, Observer  
  124  10:33  Zealot x2  
  116  10:39  Zealot  
  115  10:48  Observer  
  109  10:50  Probe  
  109  10:52  Zealot x2  
  109  10:53  Zealot x7  
  123  11:09  Zealot  
  108  11:15  Zealot x5  
Tags
 
Add a new tag
Caveats
  • Supply blocks, unpowered buildings, or Contaminate may cause inaccurate times.
  • Supply counts are checked every 10 seconds.